 Dungeon Crawl Stone Soup version 0.31.0-12-g77e489cdc1 (webtiles) character file.

Game seed: 6768444982616083756

274 Gadfly the Insei (level 6, -2/51 HPs)
             Began as a Demonspawn Monk on Feb 12, 2024.
             Killed from afar by TheCrowQ's ghost (9 damage)
             ... with a magic dart
             ... on level 3 of the Dungeon.
             The game lasted 00:03:45 (2397 turns).

Gadfly the Insei (Demonspawn Monk)                  Turns: 2397, Time: 00:03:45

Health: -2/51      AC:  4    Str: 14    XL:     6   Next: 3%
Magic:  6/6        EV: 18    Int: 10    God:
Gold:   183        SH:  0    Dex: 15    Spells: 2/5 levels left

rFire   . .          .
                       - Unarmed
rCold   . . .        c - orb {light}
rNeg    . . .        a - +0 robe
rPois   .            (helmet restricted)
rElec   .            (no cloak)
rCorr   .            (no gloves)
SInv    .            (no boots)
Will    .....        (no amulet)
Stlth   +            g - +5 ring of evasion
HPRegen 0.28/turn    (no ring)
MPRegen 0.10/turn

%: no passive effects
@: glowing, invisible (but backlit and visible)
A: antennae 2, thin metallic scales 1, robust 1, noise suppression
a: no special abilities


You were on level 3 of the Dungeon.
You visited 1 branch of the dungeon, and saw 3 of its levels.

You collected 183 gold pieces.

Inventory:

Hand Weapons
 b - a +2 dagger of venom
Armour
 a - a +0 robe (worn)
 c - an orb of light (worn)
Jewellery
 g - a +5 ring of evasion (left hand)
Talismans
 j - a beast talisman
Scrolls
 d - 4 scrolls of teleportation
 h - a scroll of blinking
Potions
 f - a potion of resistance
 i - a potion of cancellation
 k - a potion of attraction
 l - a potion of berserk rage


   Skills:
 - Level 3.0 Fighting
 + Level 3.4 Dodging
 * Level 4.0 Unarmed Combat
 * Level 3.0 Evocations
 * Level 2.3 Shapeshifting


You had 2 spell levels left.
You knew the following spells:

 Your Spells              Type           Power      Damage    Failure   Level
a - Swiftness             Air            0%         N/A       75%         3

Your spell library contained the following spells:

 Spells                   Type           Power      Damage    Failure   Level
 Summon Small Mammal      Summ           0%         N/A       36%         1
 Ensorcelled Hibernation  Hex/Ice        0%         N/A       50%         2
 Scorch                   Fire           0%         2d5       50%         2
 Call Canine Familiar     Summ           0%         N/A       75%         3
 Passwall                 Erth           0%         N/A       75%         3
 Flame Wave               Conj/Fire      0%         2d4       98%         4
 Summon Blazeheart Golem  Fire/Summ      0%         N/A       98%         4
 Summon Cactus Giant      Summ           0%         N/A       100%        6


Dungeon Overview and Level Annotations

Branches:
Dungeon (3/15)

Altars:
Nemelex Xobeh
Sif Muna

Shops:
D:3 (:=?

Annotations:
D:3 TheCrowQ's ghost, weakling DsCj


Innate Abilities, Weirdness & Mutations

You have a pair of antennae on your head.
You are partially covered in thin metallic scales. (AC +2)
You are robust. (+10% HP)
You passively dampen the noise of your surroundings.


Message History

The gnoll hits you with a +0 club.
You hit the gnoll.
The gnoll is severely wounded.
You kill the gnoll!
Your Evocations skill increases to level 3!
You have reached level 6!
Your +2 dagger of venom stops dripping with poison.
You are now empty-handed.
TheCrowQ's ghost hits you.
You hit TheCrowQ's ghost.
TheCrowQ's ghost is lightly damaged.
TheCrowQ's ghost closely misses you.
You hit TheCrowQ's ghost but do no damage.
TheCrowQ's ghost is lightly damaged.
TheCrowQ's ghost casts a spell at you. The magic dart hits you.
You barely miss TheCrowQ's ghost.
TheCrowQ's ghost is lightly damaged.
TheCrowQ's ghost closely misses you.
You hit TheCrowQ's ghost.
TheCrowQ's ghost is moderately damaged.
TheCrowQ's ghost casts a spell at you. The magic dart hits you.
* * * LOW HITPOINT WARNING * * *
You hit TheCrowQ's ghost but do no damage.
TheCrowQ's ghost is moderately damaged.
TheCrowQ's ghost closely misses you.
It was a potion of mutation.
You feel extremely strange.
You feel robust.
You feel your surroundings grow quieter.
TheCrowQ's ghost points at you and mumbles some strange words.
The magic dart hits you!
* * * LOW HITPOINT WARNING * * *
It was a potion of invisibility.
You become transparent, but the glow from your halo prevents you from becoming completely invisible.
TheCrowQ's ghost completely misses you.
TheCrowQ's ghost attacks as it pursues you!
TheCrowQ's ghost misses you.
TheCrowQ's ghost gestures at you while chanting.
The magic dart hits you!
You die...

### #.#..'.....(.#.....
#.#..'..#.#[.#..#..
#)#..#...#...#..#.#
#.#..#......{#..#.#
#.#..#########..#.#
#W#.............#.# #
#.#.............#.# #
#.#####.....#####.. ##
#.@......#### ### .####
#######.## # ....# #####.# #
.##.# ##...#.# # ###b#
####..#...# #
###.#########....###..## #
........†.......#'#'#..## #
###.##.######..###.###..#########
#.##.# #.###._.###..........


You could see TheCrowQ's ghost.

Vanquished Creatures
  A bombardier beetle (D:3)
  Natasha (thrice) (D:3)
  9 gnolls
  2 adders (D:3)
  A dart slug (D:3)
  2 ribbon worms
  4 ball pythons
  6 endoplasms
  4 goblins
  3 hobgoblins
  2 jackals (D:2)
  6 kobolds
  2 quokkas (D:3)
  8 bats
  3 frilled lizards
  7 rats
63 creatures vanquished.

Notes
Turn   | Place    | Note
-------+----------+-------------------------------------------
     0 | D:1      | Gadfly the Demonspawn Monk began the quest for the Orb.
     0 | D:1      | Reached XP level 1. HP: 18/18 MP: 1/1
   565 | D:1      | Gained mutation: You are partially covered in thin metallic
                  | scales. (AC +2) [demonic ancestry]
   565 | D:1      | Reached XP level 2. HP: 24/24 MP: 2/2
   828 | D:2      | Reached skill level 1 in Evocations
   847 | D:2      | Reached skill level 3 in Unarmed Combat
   988 | D:2      | Reached skill level 1 in Shapeshifting
   988 | D:2      | Reached XP level 3. HP: 13/29 MP: 3/3
  1019 | D:2      | HP: 1/29 [frilled lizard (2)]
  1144 | D:2      | Gained mutation: You have a pair of small antennae on your
                  | head. [demonic ancestry]
  1144 | D:2      | Reached XP level 4. HP: 23/35 MP: 4/4
  1472 | D:3      | Found a runed translucent gate.
  1475 | D:3      | Found a runed translucent gate.
  1475 | D:3      | Found a runed translucent gate.
  1475 | D:3      | Noticed TheCrowQ's ghost (weakling DsCj)
  1516 | D:3      | Found Gutrot's Book Shoppe.
  1541 | D:3      | Noticed Natasha
  1547 | D:3      | Killed Natasha
  1549 | D:3      | Noticed Natasha
  1557 | D:3      | Killed Natasha
  1616 | D:3      | Gained mutation: You have a pair of antennae on your head.
                  | [demonic ancestry]
  1616 | D:3      | Reached XP level 5. HP: 41/41 MP: 5/5
  1626 | D:3      | Found a shimmering blue altar of Sif Muna.
  1817 | D:3      | Found Rublor's Antique Weapon Boutique.
  1818 | D:3      | Noticed Natasha
  1828 | D:3      | Killed Natasha
  1911 | D:3      | Found Wolon's Jewellery Boutique.
  1913 | D:3      | Found Ycak's Magic Scroll Shoppe.
  2043 | D:3      | Found a sparkling altar of Nemelex Xobeh.
  2104 | D:3      | Reached skill level 4 in Unarmed Combat
  2313 | D:3      | Learned a level 3 spell: Swiftness
  2385 | D:3      | Reached XP level 6. HP: 27/47 MP: 6/6
  2391 | D:3      | Gained mutation: You are robust. (+10% HP) [potion of
                  | mutation]
  2391 | D:3      | Gained mutation: You passively dampen the noise of your
                  | surroundings. [potion of mutation]
  2397 | D:3      | Killed from afar by TheCrowQ's ghost

Illustrated notes

Levels and vault maps discovered:
D:1:      lightli_arrival_flooded_house, layout_loops_cross, chequers_jeans
D:2:      layout_rooms
D:3:      layout_loops_ring, mainiacjoe_overflow_cross_hatched,
          nemelex_diamond_rough_becter, gammafunk_ghost_split, serial_shops,
          shop, nicolae_shop_tiny_waterfront, shop, nicolae_shop_crystal,
          uniq_natasha

Skill      XL: |  1  2  3  4  5 |
---------------+----------------+-----
Evocations     | 1 2 3 |  3.0
Unarmed Combat | 3 4 |  4.0
Shapeshifting  | 1 2 |  2.3
Dodging        | 3 |  3.4
Fighting       | |  3.0

Action                     |  1- 3 |  4- 6 || total
---------------------------+-------+-------++-------
  Melee: Unarmed           |    49 |     5 ||    54
         Dagger            |    42 |    98 ||   140
    Use: Scroll            |     4 |     7 ||    11
         Potion            |     1 |     2 ||     3
 Armour: Robe              |    49 |    38 ||    87
  Dodge: Dodged            |    95 |    95 ||   190
